 Dungeon Crawl Stone Soup version 0.31.0-32-g396128a36d (webtiles) character file.

Game seed: 2893568835531739640

243 Squelettyx the Conjurer (level 6, -4/37 HPs)
             Began as a Tengu Conjurer on Mar 21, 2024.
             Slain by Edmund
             ... wielding a +0 heavy dire flail
              (5 damage)
             ... on level 5 of the Dungeon.
             The game lasted 00:13:44 (3928 turns).

Squelettyx the Conjurer (Tengu Conjurer)            Turns: 3928, Time: 00:13:45

Health: -4/37      AC:  2    Str:  7    XL:     6   Next: 9%
Magic:  9/10       EV: 12    Int: 20    God:
Gold:   207        SH:  0    Dex: 13    Spells: 8/9 levels left

rFire   . . .        h - +2 short sword (freeze)
rCold   . . .        (no shield)
rNeg    + . .        a - +0 robe
rPois   .            (helmet restricted)
rElec   .            (no cloak)
rCorr   .            (no gloves)
SInv    .            (boots unavailable)
Will    .....        (no amulet)
Stlth   +++          e - ring of positive energy
HPRegen 0.26/turn    (no ring)
MPRegen 0.12/turn

%: acrobat
@: very slightly contaminated
A: beak, talons 3, acrobatic
a: no special abilities


You were on level 5 of the Dungeon.
You visited 1 branch of the dungeon, and saw 5 of its levels.

You collected 207 gold pieces.

Inventory:

Hand Weapons
 h - a +2 short sword of freezing (weapon)
Armour
 a - a +0 robe (worn)
Jewellery
 e - a ring of positive energy (left hand)
 k - an amulet of guardian spirit
Scrolls
 f - a scroll of noise
 i - a scroll of silence {unknown}
 l - a scroll of teleportation {unknown}
 m - a scroll of immolation
 n - a scroll of torment {unknown}
 p - a scroll of vulnerability {unknown}
 q - a scroll of poison {unknown}
Potions
 b - a potion of magic
 d - a potion of heal wounds {unknown}
 g - 2 potions of mutation
 j - a potion of curing {unknown}
 o - a potion of berserk rage {unknown}


   Skills:
 - Level 3.0 Fighting
 - Level 1.0 Short Blades
 + Level 2.3 Dodging
 - Level 5.0 Stealth
 - Level 2.0 Spellcasting
 - Level 6.0 Conjurations


You had 8 spell levels left.
You knew the following spells:

 Your Spells              Type           Power      Damage    Failure   Level
a - Magic Dart            Conj           100%       1d8       1%          1

Your spell library contained the following spells:

 Spells                   Type           Power      Damage    Failure   Level
 Searing Ray              Conj           52%        2d6       1%          2
 Iskenderun's Battlesphe  Conj           26%        2d8       36%         5
 Fulminant Prism          Conj/Alch      7%         3d6       41%         4
 Iskenderun's Mystic Bla  Conj/Tloc      14%        2d5       41%         4
 Manifold Assault         Tloc           2%         N/A       83%         4
 Bombard                  Conj/Erth      7%         9d2       100%        6
 Dispersal                Tloc           1%         N/A       100%        6
 Spellforged Servitor     Conj/Summ      7%         N/A       100%        7
 Disjunction              Tloc           1%         N/A       100%        8


Dungeon Overview and Level Annotations

Branches:
Dungeon (5/15) Zot: 26069  Temple (0/1) D:4

Altars:

Annotations:
D:4 Menkaure, Sigmund
D:5 Edmund


Innate Abilities, Weirdness & Mutations

You have a beak for a mouth.
You have claws for feet.
You can magically evade attacks while moving or waiting.


Message History

Edmund is moderately wounded.
Edmund misses you.
You hear a distant slurping noise.
You hit Edmund. You freeze Edmund. Your kick misses Edmund. You peck Edmund.
Edmund is heavily wounded.
Edmund hits you with a +0 heavy dire flail!
You hit Edmund. You freeze Edmund.
Edmund is heavily wounded.
You hit Edmund. You freeze Edmund. You claw Edmund, but do no damage.
Edmund is severely wounded.
Edmund closely misses you.
You hit Edmund. You freeze Edmund. You claw Edmund. Your peck misses Edmund.
Edmund is severely wounded.
Edmund barely misses you.
You hit Edmund but do no damage. Your peck misses Edmund.
Edmund is severely wounded.
You completely miss Edmund. Your kick misses Edmund.
Edmund is severely wounded.
Edmund hits you with a +0 heavy dire flail!!
Ouch! That really hurt!
* * * LOW HITPOINT WARNING * * *
Aiming: Magic Dart (safe; 1% risk of failure)
Press: ? - help, Q - select action Shift-Dir - straight line, f/p - Edmund
Aim: Edmund, wielding a +0 heavy dire flail and wearing a +0 ring mail (severely wounded, 100% to hit)
Okay, then.
Aiming: Magic Dart (safe; 1% risk of failure)
Press: ? - help, Q - select action Shift-Dir - straight line, f/p - Edmund
Aim: Edmund, wielding a +0 heavy dire flail and wearing a +0 ring mail (severely wounded, 100% to hit)
You miscast Magic Dart.
You are very lightly contaminated with residual magic.
Nothing appears to happen.
Edmund hits you with a +0 heavy dire flail!
* * * LOW HITPOINT WARNING * * *
You hit Edmund but do no damage.
Edmund is severely wounded.
You barely miss Edmund. You claw Edmund. Your peck misses Edmund.
Edmund is almost dead.
Edmund hits you with a +0 heavy dire flail.
You die...
Edmund says, "I'd like to see a scythe do that!"

...# ...
.>. #.. #.#
#.# ##+##
##...##
#.@...#
#..@....#
#.........#
+.........+
#.........#
##...>...##
##.....##
##...##


You could see Edmund.

Vanquished Creatures
  2 scorpions (D:4)
  An orc wizard (D:4)
  3 adders
  4 ribbon worms (D:2)
  4 orcs
  5 bats
  5 endoplasms
  3 giant cockroaches
  8 goblins
  6 hobgoblins
  4 jackals (D:4)
  3 quokkas
  3 ball pythons
  4 frilled lizards
  5 kobolds
  2 rats
62 creatures vanquished.

Notes
Turn   | Place    | Note
-------+----------+-------------------------------------------
     0 | D:1      | Squelettyx the Tengu Conjurer began the quest for the Orb.
     0 | D:1      | Reached XP level 1. HP: 10/10 MP: 4/4
   229 | D:1      | Reached skill level 1 in Fighting
   407 | D:1      | Reached XP level 2. HP: 16/16 MP: 3/6
  1145 | D:2      | Reached XP level 3. HP: 22/22 MP: 0/7
  1352 | D:2      | Found a faded altar of an unknown god.
  2491 | D:3      | Reached skill level 6 in Conjurations
  2491 | D:3      | Reached XP level 4. HP: 28/28 MP: 4/8
  2832 | D:3      | Reached skill level 1 in Short Blades
  3271 | D:4      | Noticed Menkaure
  3416 | D:4      | Found a staircase to the Ecumenical Temple.
  3425 | D:4      | Reached XP level 5. HP: 32/32 MP: 4/9
  3661 | D:4      | Noticed Sigmund
  3707 | D:5      | Entered Level 5 of the Dungeon
  3707 | D:5      | Noticed Edmund
  3794 | D:4      | Reached skill level 5 in Stealth
  3794 | D:4      | Reached XP level 6. HP: 24/37 MP: 7/10
  3926 | D:5      | HP: 1/37 [Edmund/+0 heavy dire flail (9)]
  3928 | D:5      | Slain by Edmund

Illustrated notes

Levels and vault maps discovered:
D:1:      minmay_arrival_cross, layout_basic
D:2:      layout_basic, hellmonk_ecumenical_altar_blasted
D:3:      layout_loops_ring
D:4:      layout_loops_ring, minmay_temple_entry_sparse_star, uniq_menkaure,
          uniq_sigmund, uniq_blork_the_orc
D:5:      layout_loops_corners, nicolae_shop_overcharged_wands, uniq_edmund

Skill      XL: |  1  2  3  4  5 |
---------------+----------------+-----
Fighting       | 1 2 3 |  3.0
Conjurations   | 6 |  6.0
Short Blades   | 1 |  1.0
Stealth        | 3 5 |  5.0
Dodging        | |  2.3
Spellcasting   | |  2.0

Action                     |  1- 3 |  4- 6 || total
---------------------------+-------+-------++-------
  Melee: Unarmed           |     2 |       ||     2
         Peck              |     1 |     5 ||     6
         Short sword       |    13 |    28 ||    41
         Kick              |     4 |     8 ||    12
   Cast: Magic Dart        |    79 |    47 ||   126
    Use: Scroll            |       |     2 ||     2
 Armour: Robe              |     4 |    14 ||    18
  Dodge: Dodged            |    10 |    18 ||    28
